[Event "ICC tourney 2501 (45 10)"]
[Site "Internet Chess Club"]
[Date "2021.04.10"]
[Round "1"]
[White "MARKOVIC, GORAN:Goran21"]
[Black "HEBDEN, MARK L:mhebden"]
[Result "0-1"]
[ICCResult "White resigns"]
[WhiteElo "1989"]
[BlackElo "2503"]
[Opening "King's Indian: fianchetto, Panno variation"]
[ECO "E63"]
[NIC "KI.71"]
[Time "11:02:35"]
[PlyCount "86"]
[TimeControl "2700+10"]

1. c4 g6 2. g3 Bg7 3. Bg2 Nf6 4. Nf3 O-O 5. O-O d6 6. Nc3 Nc6 7. d4 a6 8.
d5 Na5 9. Nd2 c5 10. Qc2 Rb8 11. a3 Qc7 12. e4 Bd7 13. b3 b5 14. Bb2 bxc4
15. bxc4 e5 16. dxe6 Bxe6 17. Nd1 Nc6 18. Ne3 Nd4 19. Bxd4 cxd4 20. Nd5
Nxd5 21. exd5 Bf5 22. Qa4 Bd7 23. Qd1 d3 24. Rb1 Qa5 25. Rxb8 Rxb8 26. Nb1
Bf5 27. g4 Bd7 28. Qxd3 Bxg4 29. Qg3 Be2 30. Qxd6 Rc8 31. Qb4 Qxb4 32. axb4
Rxc4 33. Re1 Bd3 34. Nd2 Rxb4 35. Re8+ Bf8 36. Be4 Bb5 37. Rc8 Rd4 38. Rc2
Bb4 39. Bf3 Rxd2 40. Rc8+ Kg7 41. h4 Be2 42. Bxe2 Rxe2 43. Re8 Rxe8 { White
resigns } 0-1

[Event "ICC tourney 2501 (45 10)"]
[Site "Internet Chess Club"]
[Date "2021.04.10"]
[Round "1"]
[White "CHEN, RYO WENYU:e4f5"]
[Black "Wang, Luke:HostilePear"]
[Result "1-0"]
[ICCResult "Black resigns"]
[WhiteElo "2301"]
[BlackElo "1969"]
[Opening "Caro-Kann: classical, Spassky variation"]
[ECO "B19"]
[NIC "CK.12"]
[Time "11:02:52"]
[PlyCount "45"]
[TimeControl "2700+10"]

1. e4 c6 2. d4 d5 3. Nd2 dxe4 4. Nxe4 Bf5 5. Ng3 Bg6 6. h4 h6 7. Nf3 Nd7 8.
h5 Bh7 9. Bd3 Bxd3 10. Qxd3 e6 11. Bd2 Ngf6 12. O-O-O Be7 13. Ne4 Nxe4 14.
Qxe4 Nf6 15. Qd3 O-O 16. g4 c5 17. g5 hxg5 18. Bxg5 cxd4 19. Rdg1 Kh8 20.
Ne5 Nd5 21. Ng6+ Kg8 22. Nxe7+ Nxe7 23. Bf6 { Black resigns } 1-0

[Event "ICC tourney 2501 (45 10)"]
[Site "Internet Chess Club"]
[Date "2021.04.10"]
[Round "1"]
[White "ZENG, ELBERT:investigator"]
[Black "OPASKA, MICHAEL:mopaska1106"]
[Result "1-0"]
[ICCResult "Black resigns"]
[WhiteElo "2123"]
[BlackElo "1908"]
[Opening "Dutch: Leningrad, main variation with c6"]
[ECO "A88"]
[NIC "QP.11"]
[Time "11:02:54"]
[PlyCount "31"]
[TimeControl "2700+10"]

1. Nf3 g6 2. g3 Bg7 3. Bg2 f5 4. c4 Nf6 5. O-O O-O 6. Nc3 d6 7. d4 c6 8.
Qc2 Re8 9. Rd1 Qb6 10. d5 e5 11. dxe6 Bxe6 12. b3 Nbd7 13. Be3 Qc7 14. Rac1
Ne5 15. c5 d5 16. Nxe5 { Black resigns } 1-0

[Event "ICC tourney 2501 (45 10)"]
[Site "Internet Chess Club"]
[Date "2021.04.10"]
[Round "1"]
[White "HU, MERRIC:edmehu"]
[Black "YERRAJENNU, SISIRA S:ybabji"]
[Result "0-1"]
[ICCResult "White checkmated"]
[WhiteElo "2197"]
[BlackElo "1931"]
[Opening "Pirc defense"]
[ECO "B07"]
[NIC "PU.08"]
[Time "11:02:40"]
[PlyCount "64"]
[TimeControl "2700+10"]

1. e4 d6 2. d4 Nf6 3. Nc3 e5 4. Nf3 exd4 5. Nxd4 Be7 6. Be2 Nc6 7. Be3 O-O
8. g4 d5 9. Nxc6 bxc6 10. e5 Nd7 11. f4 Bc5 12. Bxc5 Nxc5 13. Qd4 Qh4+ 14.
Qf2 Qxf2+ 15. Kxf2 d4 16. Nb1 Rb8 17. b3 f6 18. exf6 Ne4+ 19. Kf3 Nxf6 20.
Bc4+ Kh8 21. h3 c5 22. Re1 Bb7+ 23. Kg3 Ne4+ 24. Kf3 Rbe8 25. Na3 Re7 26.
Bb5 Ref7 27. f5 g6 28. Bc4 Rf6 29. Kf4 Rxf5+ 30. gxf5 Rxf5+ 31. Kg4 h5+ 32.
Kh4 Rf4# { White checkmated } 0-1

[Event "ICC tourney 2501 (45 10)"]
[Site "Internet Chess Club"]
[Date "2021.04.10"]
[Round "1"]
[White "YAN, NATHAN:Natey"]
[Black "EHSANI, YASSAMIN:Blue-Elephant1"]
[Result "0-1"]
[ICCResult "White checkmated"]
[WhiteElo "1889"]
[BlackElo "2120"]
[Opening "Sicilian: Kan, 5.Nc3"]
[ECO "B43"]
[NIC "SI.41"]
[Time "11:02:42"]
[PlyCount "106"]
[TimeControl "2700+10"]

1. e4 c5 2. Nf3 e6 3. d4 cxd4 4. Nxd4 a6 5. Nc3 Qc7 6. Bd3 Nf6 7. O-O b5 8.
Be3 Bb7 9. f4 d6 10. a3 Nbd7 11. g4 e5 12. Nf5 g6 13. Ng3 Bh6 14. g5 exf4
15. Bxf4 Bxg5 16. Bxg5 Qc5+ 17. Rf2 Qxg5 18. Bf1 Ng4 19. Rf3 Qc5+ 20. Kh1
Nf2+ 21. Rxf2 Qxf2 22. Qxd6 Qc5 23. Qd2 O-O-O 24. b4 Qe5 25. Bh3 f5 26. Re1
Nb6 27. Qe3 Nc4 28. Qf3 Kb8 29. Nd1 fxe4 30. Nxe4 Rhf8 31. Qg2 Bxe4 32.
Qxe4 Qxe4+ 33. Rxe4 Rxd1+ 34. Kg2 Rd2+ 35. Kg1 Rxc2 36. Re7 Rd8 37. Rxh7
Rd1+ 38. Bf1 Ne3 39. Rh8+ Rc8 40. Rxc8+ Kxc8 41. Kf2 Nxf1 42. Ke2 Ra1 43.
h4 Rxa3 44. h5 gxh5 45. Kf2 h4 46. Kxf1 h3 47. Kg1 Ra2 48. Kh1 Kd7 49. Kg1
Ke6 50. Kh1 Kf5 51. Kg1 Kg4 52. Kh1 Kg3 53. Kg1 Ra1# { White checkmated }
0-1

[Event "ICC tourney 2501 (45 10)"]
[Site "Internet Chess Club"]
[Date "2021.04.10"]
[Round "1"]
[White "GUSEINOV, GADIR:GGuseinov"]
[Black "SAMANT, NEIL:checkninja"]
[Result "1-0"]
[ICCResult "Black resigns"]
[WhiteElo "2715"]
[BlackElo "1991"]
[Opening "Sicilian: closed"]
[ECO "B23"]
[NIC "SI.44"]
[Time "11:03:00"]
[PlyCount "87"]
[TimeControl "2700+10"]

1. e4 c5 2. Nc3 d6 3. Bb5+ Bd7 4. Bxd7+ Qxd7 5. d4 cxd4 6. Qxd4 Nc6 7. Qd3
g6 8. Nf3 Bg7 9. O-O Nf6 10. Nd5 O-O 11. Bg5 Nxd5 12. exd5 Ne5 13. Nxe5
Bxe5 14. c3 Rfe8 15. Rae1 e6 16. Qh3 f5 17. Qd3 Qf7 18. Rd1 Bf6 19. dxe6
Rxe6 20. Bxf6 Rxf6 21. Qd4 Re6 22. Rd2 b6 23. Qf4 Rae8 24. a3 Qe7 25. g3
Re5 26. Rfd1 Qb7 27. Qc4+ Kg7 28. Qf1 d5 29. Rd4 Qe7 30. Qd3 Re1+ 31. Kg2
Rxd1 32. Qxd1 Qe2 33. Qa4 Re4 34. Qxa7+ Kh6 35. Qxb6 f4 36. Qf6 Rxd4 37.
cxd4 fxg3 38. Qf4+ g5 39. Qf6+ Kh5 40. Qf3+ Qxf3+ 41. Kxf3 gxh2 42. Kg2 Kg4
43. a4 Kf4 44. a5 { Black resigns } 1-0

[Event "ICC tourney 2501 (45 10)"]
[Site "Internet Chess Club"]
[Date "2021.04.10"]
[Round "1"]
[White "GAO, MARVIN:kaiclc"]
[Black "KERR, JOSHUA MORGAN:AbleCompany"]
[Result "1-0"]
[ICCResult "Black resigns"]
[WhiteElo "2023"]
[BlackElo "1568"]
[Opening "French: Rubinstein variation"]
[ECO "C10"]
[NIC "FR.07"]
[Time "11:02:41"]
[PlyCount "41"]
[TimeControl "2700+10"]

1. e4 e6 2. d4 d5 3. Nc3 dxe4 4. Nxe4 Nd7 5. Nf3 Ngf6 6. Bd3 c5 7. Bg5 h6
8. Bh4 Be7 9. Nxc5 Nxc5 10. dxc5 Qa5+ 11. Qd2 Qxc5 12. O-O O-O 13. Rfe1 b6
14. Re5 Qc7 15. Rae1 Bb7 16. Nd4 Rfe8 17. f3 a6 18. Qf4 Rad8 19. Kh1 Rd5
20. Bxf6 Bxf6 21. Rxe6 { Black resigns } 1-0

[Event "ICC tourney 2501 (45 10)"]
[Site "Internet Chess Club"]
[Date "2021.04.10"]
[Round "1"]
[White "CHAN, MATTHEW M:mmchan"]
[Black "SLADE, THEODORE LUKE:MrNormalName"]
[Result "0-1"]
[ICCResult "White resigns"]
[WhiteElo "1925"]
[BlackElo "2163"]
[Opening "Vienna: Paulsen-Mieses variation"]
[ECO "C26"]
[NIC "VG.01"]
[Time "11:03:00"]
[PlyCount "84"]
[TimeControl "2700+10"]

1. e4 e5 2. Nc3 Nf6 3. g3 d5 4. exd5 Nxd5 5. Bg2 Nxc3 6. bxc3 Nc6 7. Ne2
Bc5 8. O-O O-O 9. d3 Qf6 10. Be3 Bb6 11. d4 Bg4 12. d5 Ne7 13. c4 Bxe3 14.
fxe3 Qh6 15. Qd3 f5 16. e4 f4 17. gxf4 exf4 18. Nd4 Ng6 19. Nf5 Bxf5 20.
exf5 Nh4 21. Bh3 Nxf5 22. Bxf5 Qg5+ 23. Kh1 Qxf5 24. Qxf5 Rxf5 25. Rae1
Raf8 26. Rf3 g5 27. h3 h5 28. Re6 R8f6 29. Re8+ Kg7 30. Re7+ Rf7 31. Re1 g4
32. Rg1 Rg5 33. Rf2 g3 34. Rf3 Re5 35. Rg2 Re1+ 36. Rg1 Rxg1+ 37. Kxg1 Kg6
38. Kg2 Kf5 39. Rf1 Re7 40. Rb1 Re2+ 41. Kf1 Rh2 42. Rxb7 f3 { White
resigns } 0-1

[Event "ICC tourney 2501 (45 10)"]
[Site "Internet Chess Club"]
[Date "2021.04.10"]
[Round "1"]
[White "YE, LUKE SICONG:lukeye"]
[Black "CHENG, CLAIRE:Clairehouses"]
[Result "1-0"]
[ICCResult "Black checkmated"]
[WhiteElo "2067"]
[BlackElo "1766"]
[Opening "Sicilian: Najdorf"]
[ECO "B90"]
[NIC "SI.14"]
[Time "11:02:52"]
[PlyCount "87"]
[TimeControl "2700+10"]

1. e4 c5 2. Nf3 d6 3. d4 cxd4 4. Nxd4 Nf6 5. Nc3 a6 6. a4 e5 7. Nf3 Be7 8.
Bc4 O-O 9. Bg5 Be6 10. Bxf6 Bxf6 11. Nd5 Bxd5 12. Bxd5 Nc6 13. O-O Qc7 14.
c3 Rad8 15. Qb3 Rd7 16. Rfd1 Nd8 17. Nd2 Re8 18. Nc4 Ne6 19. Nb6 Rdd8 20.
a5 Qe7 21. Qc4 Qc7 22. Bxe6 Qxc4 23. Bxc4 Bg5 24. Bd5 Re7 25. Ra4 Rc7 26.
Rc4 Rxc4 27. Nxc4 Rd7 28. Nxd6 Kh8 29. Nxf7+ Kg8 30. Nxe5+ Kf8 31. Nxd7+
Ke7 32. Bxb7 Kf7 33. Nc5 Be7 34. Rd7 Kf6 35. e5+ Kf7 36. Nxa6 Ke6 37. Bc8
Kf7 38. Nc7 Kf8 39. e6 Bf6 40. a6 Be7 41. a7 Bf6 42. a8=Q g6 43. Bb7+ Bd8
44. Qxd8# { Black checkmated } 1-0

[Event "ICC tourney 2501 (45 10)"]
[Site "Internet Chess Club"]
[Date "2021.04.10"]
[Round "1"]
[White "ZHANG, MULAN JIEMIN:Mulan2009"]
[Black "BROWN, WAYNE B:Plato"]
[Result "1/2-1/2"]
[ICCResult "Game drawn by repetition"]
[WhiteElo "1667"]
[BlackElo "2024"]
[Opening "Sicilian: Kan, Swiss cheese variation"]
[ECO "B42"]
[NIC "SI.42"]
[Time "11:03:01"]
[PlyCount "100"]
[TimeControl "2700+10"]

1. e4 c5 2. Nf3 e6 3. d4 cxd4 4. Nxd4 a6 5. Bd3 g6 6. Be3 Bg7 7. c3 Ne7 8.
Nd2 Nbc6 9. f4 d5 10. e5 Bd7 11. a4 Qc7 12. N2f3 Rc8 13. Nb3 O-O 14. O-O f6
15. exf6 Bxf6 16. Nfd4 e5 17. fxe5 Bxe5 18. g3 Bxg3 19. Qd2 Be5 20. Rxf8+
Rxf8 21. Rf1 Rxf1+ 22. Bxf1 Nf5 23. Nxf5 Bxf5 24. Qxd5+ Kg7 25. Qd2 Qf7 26.
Nd4 Nxd4 27. Bxd4 Qd5 28. Bxe5+ Qxe5 29. Qd4 Qxd4+ 30. cxd4 a5 31. Kf2 g5
32. Ke3 Bc2 33. Bb5 Kf6 34. Kf3 Kf5 35. Bd7+ Kf6 36. Bb5 Bb3 37. Ke4 h5 38.
Be8 h4 39. Kf3 Bd5+ 40. Kg4 Bb3 41. Kf3 Bc2 42. Bd7 Ke7 43. Bb5 Bf5 44. Bc4
Kd6 45. b3 b6 46. Ke3 Bc2 47. Kf3 Bf5 48. Ke3 Be6 49. Ke4 Bd7 50. Kf3 Bf5 {
Game drawn by repetition } 1/2-1/2

[Event "ICC tourney 2501 (45 10)"]
[Site "Internet Chess Club"]
[Date "2021.04.10"]
[Round "1"]
[White "WU, WILLIAM:chessw23"]
[Black "Vittal, Sanjana:MCTS13"]
[Result "0-1"]
[ICCResult "White resigns"]
[WhiteElo "1938"]
[BlackElo "2206"]
[Opening "Two knights defense (Modern bishop's opening)"]
[ECO "C55"]
[NIC "IG.01"]
[Time "11:02:45"]
[PlyCount "60"]
[TimeControl "2700+10"]

1. e4 e5 2. Nf3 Nc6 3. Bc4 Nf6 4. d3 Be7 5. c3 O-O 6. O-O d6 7. Re1 Kh8 8.
Bb3 Ng8 9. h3 f5 10. Nbd2 f4 11. d4 Qe8 12. Nc4 Bf6 13. Ba4 Qg6 14. Kh2
Nge7 15. Bc2 Qh6 16. dxe5 dxe5 17. Rh1 g5 18. Kg1 Qg7 19. Nh2 Ng6 20. f3
Qe7 21. b4 a5 22. Rb1 axb4 23. cxb4 Rxa2 24. Ba3 Rd8 25. Qc1 Nd4 26. Bd1 b5
27. Na5 Nh4 28. Bb2 Qxb4 29. Bc3 Qc5 30. Kf1 Nb3 { White resigns } 0-1

[Event "ICC tourney 2501 (45 10)"]
[Site "Internet Chess Club"]
[Date "2021.04.10"]
[Round "1"]
[White "Reiss, Aiden:Aidenrchess"]
[Black "YANG, ANDY:lemonoosa"]
[Result "0-1"]
[ICCResult "White checkmated"]
[WhiteElo "1853"]
[BlackElo "2080"]
[Opening "Caro-Kann: advance variation"]
[ECO "B12"]
[NIC "CK.04"]
[Time "11:02:42"]
[PlyCount "64"]
[TimeControl "2700+10"]

1. e4 c6 2. d4 d5 3. e5 Bf5 4. h4 h5 5. Bd3 Bxd3 6. Qxd3 Qa5+ 7. Bd2 Qa6 8.
Qg3 e6 9. Ne2 Nh6 10. Bxh6 Rxh6 11. Nbc3 Nd7 12. O-O Rg6 13. Qf3 Rg4 14.
Nf4 Qc4 15. b3 Qxd4 16. Nce2 Qxe5 17. c4 Bd6 18. g3 Qf5 19. cxd5 cxd5 20.
Rfe1 g5 21. hxg5 Ne5 22. Qc3 Qxg5 23. Nh3 Qf5 24. f4 Nd3 25. Qh8+ Bf8 26.
Rf1 Qe4 27. Nf2 Qxe2 28. Nxg4 Qxg4 29. Kh2 Rc8 30. Rg1 Nxf4 31. gxf4 Rc2+
32. Kh1 Qh3# { White checkmated } 0-1

[Event "ICC tourney 2501 (45 10)"]
[Site "Internet Chess Club"]
[Date "2021.04.10"]
[Round "1"]
[White "SHEEHAN, ETHAN THOMAS:Chessking2008"]
[Black "XUE, JERRY Q:JQX2019"]
[Result "1-0"]
[ICCResult "Black resigns"]
[WhiteElo "2220"]
[BlackElo "1943"]
[Opening "Nimzo-Indian: classical, Noa variation"]
[ECO "E34"]
[NIC "NI.23"]
[Time "11:02:41"]
[PlyCount "161"]
[TimeControl "2700+10"]

1. d4 Nf6 2. c4 e6 3. Nc3 Bb4 4. Qc2 d5 5. cxd5 Qxd5 6. e3 c5 7. Bd2 Bxc3
8. Bxc3 cxd4 9. Bxd4 Nc6 10. Bxf6 gxf6 11. Nf3 Qa5+ 12. Qd2 Qxd2+ 13. Nxd2
Ke7 14. Be2 Rd8 15. O-O-O b6 16. Bf3 Bb7 17. Nb3 Rac8 18. Kb1 Rc7 19. Rc1
Rdd7 20. Rhd1 Ne5 21. Rxd7+ Kxd7 22. Bxb7 Rxb7 23. Rd1+ Ke7 24. h3 Rc7 25.
Nd4 a6 26. b3 Rc8 27. Kb2 b5 28. f4 Nd7 29. Nf3 Nc5 30. Rd4 h5 31. e4 Rg8
32. Nh4 Rg3 33. Kc2 Re3 34. Kd2 Rxe4 35. Rxe4 Nxe4+ 36. Kd3 f5 37. Kd4 Kd6
38. Nf3 f6 39. b4 Ng3 40. a3 Ne2+ 41. Ke3 Nc3 42. Nd4 Kd5 43. Kd3 Nd1 44.
Nb3 Nf2+ 45. Ke2 Ne4 46. Kd3 e5 47. Nc1 Nd6 48. Ne2 h4 49. Nc3+ Ke6 50. a4
exf4 51. Kd4 bxa4 52. Nxa4 Nb5+ 53. Kd3 Kd5 54. Nb6+ Kc6 55. Na4 Nd6 56.
Nc3 Ne4 57. Ne2 Kb5 58. Nd4+ Kxb4 59. Nxf5 Nc5+ 60. Kc2 a5 61. Nxh4 a4 62.
Ng6 a3 63. Nxf4 Ne4 64. h4 Kc4 65. h5 Kd4 66. h6 Ng5 67. Ne6+ Ke3 68. Nxg5
a2 69. Kb2 fxg5 70. h7 Kf2 71. h8=Q Kxg2 72. Qh5 Kf2 73. Qxg5 Kf1 74. Qd2
Kg1 75. Kxa2 Kh1 76. Qe2 Kg1 77. Kb3 Kh1 78. Kc3 Kg1 79. Kd3 Kh1 80. Ke3
Kg1 81. Kf3 { Black resigns } 1-0

[Event "ICC tourney 2501 (45 10)"]
[Site "Internet Chess Club"]
[Date "2021.04.10"]
[Round "1"]
[White "TRANDAFIR, STEFAN:trandaferrari"]
[Black "Clasby, Derek:wolverine54"]
[Result "0-1"]
[ICCResult "White resigns"]
[WhiteElo "1982"]
[BlackElo "2312"]
[Opening "Ruy Lopez: Anderssen variation"]
[ECO "C77"]
[NIC "RL.12"]
[Time "11:02:41"]
[PlyCount "66"]
[TimeControl "2700+10"]

1. e4 e5 2. Nf3 Nc6 3. Bb5 a6 4. Ba4 Nf6 5. d3 b5 6. Bb3 Be7 7. c3 O-O 8.
O-O d5 9. Nbd2 Bg4 10. Re1 Re8 11. h3 Bh5 12. a4 b4 13. Nf1 bxc3 14. bxc3
Rb8 15. Ng3 Bxf3 16. gxf3 d4 17. Bc4 dxc3 18. Nf5 Nd4 19. Nxd4 exd4 20. e5
Nd5 21. f4 c6 22. Qf3 f5 23. Bxa6 Qa5 24. Bc4 c2 25. Qe2 Kh8 26. Bxd5 cxd5
27. Ra2 Rec8 28. Rf1 Qc3 29. a5 Qb3 30. Rb2 Qxb2 31. Bxb2 Rxb2 32. Rc1 Rb1
33. Qd2 Bb4 { White resigns } 0-1

[Event "ICC tourney 2501 (45 10)"]
[Site "Internet Chess Club"]
[Date "2021.04.10"]
[Round "1"]
[White "REMPE, JONAS JAKOB RAZA:Drachekokosnuss"]
[Black "Jin, Xiaodong:SuperWJ"]
[Result "1/2-1/2"]
[ICCResult "Game drawn by mutual agreement"]
[WhiteElo "2100"]
[BlackElo "1876"]
[Opening "Sicilian: Najdorf, Adams attack"]
[ECO "B90"]
[NIC "SI.14"]
[Time "11:02:39"]
[PlyCount "76"]
[TimeControl "2700+10"]

1. e4 c5 2. Nf3 d6 3. d4 cxd4 4. Nxd4 Nf6 5. Nc3 a6 6. h3 e5 7. Nde2 h5 8.
Ng1 b5 9. Nf3 Bb7 10. Bg5 Nbd7 11. Bd3 Be7 12. a3 Rc8 13. O-O Nc5 14. Re1
Ne6 15. a4 b4 16. Na2 a5 17. c3 bxc3 18. Nxc3 Nxg5 19. Nxg5 Qb6 20. Bb5+
Bc6 21. Qb3 O-O 22. Rac1 Nd7 23. Ne6 fxe6 24. Qxe6+ Kh7 25. Qxe7 Qxf2+ 26.
Kh1 Bxb5 27. Nxb5 Rxc1 28. Rxc1 Nc5 29. Nxd6 Nd3 30. Rg1 Qg3 31. Qxf8 Nf2+
32. Qxf2 Qxf2 33. Nc4 Qd4 34. b3 Qxe4 35. Nxa5 Qb4 36. Nc4 Qxb3 37. Nxe5
Qxa4 38. Nf3 Qf4 { Game drawn by mutual agreement } 1/2-1/2

[Event "ICC tourney 2501 (45 10)"]
[Site "Internet Chess Club"]
[Date "2021.04.10"]
[Round "1"]
[White "SRINIVASAN, HEMANT:Blixiron"]
[Black "PULLELA, SRICHARAN:Sricharan07"]
[Result "1-0"]
[ICCResult "Black resigns"]
[WhiteElo "2073"]
[BlackElo "1853"]
[Opening "King's Indian: orthodox, Aronin-Taimanov, bayonet attack"]
[ECO "E97"]
[NIC "KI.05"]
[Time "11:02:43"]
[PlyCount "69"]
[TimeControl "2700+10"]

1. d4 Nf6 2. c4 g6 3. Nc3 Bg7 4. e4 d6 5. Nf3 O-O 6. Be2 e5 7. O-O Nc6 8.
d5 Ne7 9. b4 Nh5 10. Re1 Nf4 11. Bf1 f5 12. a4 h6 13. Nd2 g5 14. c5 g4 15.
Ba3 Neg6 16. b5 b6 17. cxd6 cxd6 18. Nc4 Rf6 19. g3 Nh3+ 20. Bxh3 gxh3 21.
exf5 Bxf5 22. Ne4 Bxe4 23. Rxe4 Qd7 24. Qg4 Qxg4 25. Rxg4 Bf8 26. a5 bxa5
27. Nxa5 Rb8 28. Rb1 Kh7 29. Nc6 Rb7 30. Ra4 a6 31. Rxa6 Kg8 32. b6 Rf3 33.
Nd8 Rb8 34. b7 Rd3 35. Ra8 { Black resigns } 1-0

[Event "ICC tourney 2501 (45 10)"]
[Site "Internet Chess Club"]
[Date "2021.04.10"]
[Round "1"]
[White "LIU, PATRICK PEIJUN:JunlinTheWorld"]
[Black "AHMED, SYED IBRAHIM:mr-sosa"]
[Result "0-1"]
[ICCResult "White checkmated"]
[WhiteElo "1874"]
[BlackElo "2086"]
[Opening "French: advance, Milner-Barry gambit"]
[ECO "C02"]
[NIC "FR.03"]
[Time "11:02:44"]
[PlyCount "140"]
[TimeControl "2700+10"]

1. e4 e6 2. d4 d5 3. e5 c5 4. c3 Nc6 5. Nf3 Qb6 6. Bd3 cxd4 7. cxd4 Bd7 8.
Bc2 Nb4 9. Nc3 Nxc2+ 10. Qxc2 Ne7 11. O-O Nf5 12. Be3 Be7 13. Qe2 O-O 14.
g4 Nxe3 15. Qxe3 Rac8 16. Rab1 Rc4 17. Ne2 Rc2 18. Rfc1 Rfc8 19. Qd3 Rxb2
20. Rxc8+ Bxc8 21. Rxb2 Qxb2 22. Qc3 Qxc3 23. Nxc3 Bd7 24. Kf1 Bb4 25. Nb1
Bb5+ 26. Kg2 Bd3 27. Nfd2 Kf8 28. Kf3 Ke7 29. Ke3 Bc2 30. a3 Ba5 31. h3 Kd7
32. f4 Kc6 33. f5 exf5 34. gxf5 Bxf5 35. Nb3 Bd8 36. Nc3 Bxh3 37. Na1 h5
38. Nc2 Be7 39. Kf3 Be6 40. Kg3 h4+ 41. Kh2 g5 42. Kg2 g4 43. Kh2 g3+ 44.
Kg2 f6 45. exf6 Bxf6 46. Nb4+ Kd7 47. Ncxd5 Bxd4 48. Nf4 Be5 49. Nxe6 Kxe6
50. Nd3 Bd6 51. a4 Kf5 52. Kh3 Be7 53. Nb2 Ke4 54. Kg2 a6 55. Nd1 Bf6 56.
a5 Kd3 57. Kf3 Bd4 58. Kg2 Ke2 59. Kh3 Kxd1 60. Kxh4 g2 61. Kg3 g1=Q+ 62.
Kf4 Qe3+ 63. Kf5 Qe5+ 64. Kg4 Qf6 65. Kh5 Qg7 66. Kh4 Bc5 67. Kh5 Ke2 68.
Kh4 Kf3 69. Kh5 Bf8 70. Kh4 Qh6# { White checkmated } 0-1

[Event "ICC tourney 2501 (45 10)"]
[Site "Internet Chess Club"]
[Date "2021.04.10"]
[Round "1"]
[White "Minero Pineda, Sergio:SuperBueno"]
[Black "KIRYUKHIN, ARTEM:Feugon"]
[Result "1/2-1/2"]
[ICCResult "Game drawn by mutual agreement"]
[WhiteElo "2490"]
[BlackElo "1988"]
[Opening "Dutch defense"]
[ECO "A81"]
[NIC "HD.12"]
[Time "11:02:38"]
[PlyCount "84"]
[TimeControl "2700+10"]

1. d4 f5 2. g3 Nf6 3. Bg2 e6 4. Nf3 d5 5. O-O Bd6 6. c4 c6 7. b3 Qe7 8. Qc2
O-O 9. Bb2 b6 10. Ne5 Bb7 11. cxd5 cxd5 12. Nc3 a6 13. Rfc1 Nbd7 14. Nxd7
Nxd7 15. e3 Rac8 16. Qd1 g5 17. Rc2 Rc7 18. Rac1 Rfc8 19. Na4 Rxc2 20. Rxc2
Rxc2 21. Qxc2 b5 22. Nc3 Nf6 23. Ne2 Qc7 24. Qd1 b4 25. Nc1 a5 26. Nd3 Ba6
27. Nc5 Bc8 28. a3 g4 29. axb4 axb4 30. Qa1 Kf7 31. Bf1 Nd7 32. Nd3 Qb6 33.
Qa4 Nb8 34. Ne5+ Bxe5 35. dxe5 Bd7 36. Qa1 Nc6 37. Qa8 Qb8 38. Qxb8 Nxb8
39. Be2 Bc8 40. Kf1 Ba6 41. Bxa6 Nxa6 42. Bd4 Ke7 { Game drawn by mutual
agreement } 1/2-1/2

[Event "ICC tourney 2501 (45 10)"]
[Site "Internet Chess Club"]
[Date "2021.04.10"]
[Round "1"]
[White "LIANG, ETHAN Y:ELCCEthan488"]
[Black "DENG, HENRY:SuperPuzzler"]
[Result "0-1"]
[ICCResult "White resigns"]
[WhiteElo "1811"]
[BlackElo "2072"]
[Opening "Old Indian defense"]
[ECO "A54"]
[NIC "OI.03"]
[Time "11:02:37"]
[PlyCount "110"]
[TimeControl "2700+10"]

1. d4 Nf6 2. c4 d6 3. Nf3 Nbd7 4. Nc3 e5 5. Bg5 Be7 6. e4 O-O 7. Be2 c6 8.
O-O Ng4 9. Bc1 a5 10. h3 Ngf6 11. Bg5 g6 12. Bh4 Nh5 13. Bxe7 Qxe7 14. d5
Nc5 15. Re1 Ng7 16. Nd2 f5 17. f3 f4 18. Nb3 Kh8 19. Nxc5 dxc5 20. d6 Qd8
21. Qd2 Bd7 22. Na4 b6 23. Qc3 Re8 24. a3 Nh5 25. Bf1 Qg5 26. Nxb6 Ra7 27.
Nxd7 Rxd7 28. Rad1 Qd8 29. b4 axb4 30. axb4 Rxd6 31. Rxd6 Qxd6 32. b5 Qd4+
33. Qxd4 exd4 34. Kf2 Ra8 35. b6 Rb8 36. Rb1 Kg7 37. Bd3 Kf6 38. Ke2 Ke5
39. Bc2 Nf6 40. Ba4 Nd7 41. Bxc6 Rxb6 42. Rxb6 Nxb6 43. Kd3 Kd6 44. Bd5 Nd7
45. h4 h6 46. Bg8 Ne5+ 47. Ke2 Kc7 48. Kf2 g5 49. hxg5 hxg5 50. Be6 Kb6 51.
g3 Ka5 52. gxf4 gxf4 53. Ke2 Kb4 54. Bd5 Kc3 55. Be6 Kc2 { White resigns }
0-1

[Event "ICC tourney 2501 (45 10)"]
[Site "Internet Chess Club"]
[Date "2021.04.10"]
[Round "1"]
[White "Massick, Laine:Laine23"]
[Black "KUNKA, HARSHID:ChessKidA8"]
[Result "1/2-1/2"]
[ICCResult "Game drawn by mutual agreement"]
[WhiteElo "1967"]
[BlackElo "2232"]
[Opening "French: exchange variation"]
[ECO "C01"]
[NIC "FR.01"]
[Time "11:02:36"]
[PlyCount "153"]
[TimeControl "2700+10"]

1. e4 e6 2. d4 d5 3. exd5 exd5 4. Bd3 Bd6 5. Nc3 c6 6. Nge2 Nf6 7. Bg5 Bg4
8. h3 Bh5 9. O-O O-O 10. Qd2 Nbd7 11. Ng3 Bg6 12. Rae1 Qb6 13. Nce2 Ne4 14.
Bxe4 dxe4 15. c3 h6 16. Bf4 Be7 17. Nc1 Nf6 18. f3 Nd5 19. fxe4 Nxf4 20.
Qxf4 Qxb2 21. Qf3 Bg5 22. Re2 Qb6 23. Nf5 c5 24. Nb3 cxd4 25. cxd4 Bxf5 26.
Qxf5 Rad8 27. Rd1 Rfe8 28. e5 a5 29. Nc5 Rxd4 30. Rxd4 Qxc5 31. Qf2 Rxe5
32. Rxe5 Qxe5 33. Rd3 b6 34. Kh1 Qa1+ 35. Kh2 Bf6 36. Qe2 a4 37. Rd7 Be5+
38. g3 a3 39. Qc2 g6 40. Qc4 Qb2+ 41. Kg1 Qb1+ 42. Kg2 Qf5 43. Qd3 Qf6 44.
Qf3 Kg7 45. Qxf6+ Kxf6 46. Kf3 Ke6 47. Rd3 Bd6 48. g4 Bc5 49. Ke4 Kf6 50.
Rf3+ Ke6 51. Rb3 Kd6 52. Rf3 Ke7 53. Ke5 f6+ 54. Kd5 Kf7 55. Rb3 g5 56. Rf3
Ke7 57. Rb3 f5 58. gxf5 Kf6 59. Ke4 h5 60. Rd3 g4 61. hxg4 hxg4 62. Kf4 g3
63. Kxg3 Kxf5 64. Rb3 Ke4 65. Kg2 Kd5 66. Kf1 Kc4 67. Ke2 b5 68. Kd2 b4 69.
Kc2 Bd4 70. Kd2 Bc5 71. Kc2 Kb5 72. Kd2 Bd4 73. Kd3 Bc5 74. Kc2 Kc4 75. Kd2
Bd4 76. Kc2 Bc3 77. Rb1 { Game drawn by mutual agreement } 1/2-1/2